 Dungeon Crawl Stone Soup version 0.16.1-4-g8e1b745 (webtiles) character file.

3188 inmateoo the Frost Mage (level 9, 0/74 HPs)
             Began as a Demigod Ice Elementalist on Mar 27, 2015.
             Slain by a yak (9 damage)
             ... on level 8 of the Dungeon.
             The game lasted 00:17:18 (8228 turns).

inmateoo the Frost Mage (Demigod Ice Elementalist)  Turns: 8228, Time: 00:17:18

Health: 0/74       AC: 12    Str: 11    XL:     9   Next: 37%
Magic:  0/24       EV: 16    Int: 23    God:
Gold:   463        SH:  0    Dex: 20    Spells: 5 memorised, 4 levels left

rFire  . . .     SeeInvis +     h - +3 dagger (protect)
rCold  . . .     Clarity  .     a - +0 robe
rNeg   . . .     SustAb   +     (no shield)
rPois  .         Gourm    .     j - +2 helmet
rElec  .         Spirit   .     e - +0 cloak
rCorr  .         Warding  .     k - +0 pair of gloves
rMut   .         Stasis   .     (no boots)
MR     .....                    (no amulet)
Stlth  ++........               F - +4 ring of dexterity
                                f - ring of see invisible

@: not resistant to hostile enchantments, unstealthy
A: talons 1, dopey 1, sustain abilities
a: no special abilities


You were on level 8 of the Dungeon.
You were not hungry.

You visited 1 branch of the dungeon, and saw 8 of its levels.

You collected 463 gold pieces.

Inventory:

Hand weapons
 h - a +3 dagger of protection (weapon)
 n - a +1 short sword of venom
 E - a +0 spear
 G - a +2 dagger of venom
 K - a +1 long sword of protection
 M - a +2 trident of flaming
Missiles
 d - 9 poisoned needles (quivered)
 D - 2 throwing nets
Armour
 a - a +0 robe (worn)
 e - a +0 cloak (worn)
 j - a +2 helmet (worn)
 k - a +0 pair of gloves (worn)
Jewellery
 f - a ring of see invisible (left hand)
 p - an uncursed ring of teleport control
 w - an uncursed ring of stealth
 F - a +4 ring of dexterity (right hand)
Magical devices
 o - a wand of polymorph (16)
 H - a wand of magic darts (27)
Scrolls
 g - 3 scrolls of enchant armour
 m - 5 scrolls of identify
 r - 3 scrolls of remove curse
 y - a scroll of fear
 z - a scroll of teleportation
 B - a scroll of magic mapping
Potions
 i - 2 potions of magic
 l - a potion of restore abilities
 u - a potion of curing
 A - a potion of berserk rage
 C - a potion of haste {unknown}
Books
 b - a book of Frost

   Spells                             Type                      Level
   a - Freeze                         Ice                          1
   b - Throw Frost                    Conjuration/Ice              2
   c - Ozocubu's Armour               Charms/Ice                   3
   d - Throw Icicle                   Conjuration/Ice              4
   e - Summon Ice Beast               Ice/Summoning                4
   f - Condensation Shield            Ice                          4
 L - a book of the Warp

   Spells                             Type                      Level
   a - Recall                         Summoning/Translocation      3
   b - Control Teleport               Charms/Translocation         4
   c - Force Lance                    Conjuration/Translocation    4
   d - Phase Shift                    Translocation                5
   e - Warp Weapon                    Charms/Translocation         5
   f - Gell's Gravitas                Hexes/Translocation          5
   g - Summon Forest                  Summoning/Translocation      5
Comestibles
 c - 10 bread rations
 q - 4 meat rations
 s - a royal jelly
 v - 7 beef jerkies
 x - 5 fruits


   Skills:
 + Level 5.2 Fighting
 + Level 3.8 Polearms
 + Level 5.0 Dodging
 - Level 1.7 Stealth
 + Level 5.1 Spellcasting
 - Level 0.8 Conjurations
 * Level 8.1 Ice Magic


You had 4 spell levels left.
You knew the following spells:

 Your Spells              Type           Power        Failure   Level  Hunger
a - Freeze                Ice            ####         1%          1    None
b - Throw Frost           Conj/Ice       ####..       2%          2    None
c - Ozocubu's Armour      Chrm/Ice       ###.....     8%          3    ##.....
d - Throw Icicle          Conj/Ice       ####....     17%         4    ####...
e - Summon Ice Beast      Ice/Summ       ###.....     21%         4    ####...


Dungeon Overview and Level Annotations

Branches:
Dungeon (8/15)             Temple (0/1) D:7
   Lair: D:8-11

Shops:
D:5 (

Annotations:
D:5 B1inky's ghost, experienced FoFi


Innate Abilities, Weirdness & Mutations

Your attributes are resistant to harm.
You have sharp toenails.
You are dopey. (Int -2)


Message History

Confirm with . or Enter, or press ? or * to list all spells.
Aiming: Freeze
Press: ? - help, Shift-Dir - straight line, f/p - yak
Aim: a yak (heavily wounded)
You freeze the yak.
The yak is severely wounded.
The yak gores you but does no damage.
You hit the yak. You claw the yak, but do no damage.
The yak is severely wounded.
The yak gores you!
* * * LOW HITPOINT WARNING * * *
Casting: Freeze
Confirm with . or Enter, or press ? or * to list all spells.
Aiming: Freeze
Press: ? - help, Shift-Dir - straight line, f/p - yak
Aim: a yak (severely wounded)
You freeze the yak.
The yak is almost dead.
The yak gores you!
You die...

#..###.# ..#
#..##..#
...########......##
......#...........#
#.................#
#..........(......#
#...##......###..##
##. ###...## #..#
...... ##.@## #..#
..Y...# #.Y## ##÷#
.......# ##..# #.#
#.....# ##.### ##.#
#.....# ##.## #..#
#.....####†## ##..#
#.......#
###...#####..
##....†##
##.....)......
#.....###
##.....(.....##


You could see a yak.

Vanquished Creatures
  A two-headed ogre (D:6)
  4 yaks (D:8)
  A hungry ghost (D:7)
  A hippogriff (D:8)
  A black bear (D:8)
  A phantom (D:6)
  2 sky beasts (D:7)
  4 ogres
  A centaur (D:5)
  A giant frog (D:8)
  Blork the orc (D:7)
  4 killer bees (D:8)
  A scorpion (D:4)
  3 crimson imps
  2 goliath beetles
  2 quasits (D:6)
  A hound (D:6)
  A jelly (D:6)
  An orc wizard (D:3)
  3 giant frog skeletons
  A gnoll shaman (D:5)
  Natasha (thrice) (D:4)
  5 worker ants
  A hound skeleton (D:4)
  3 worker ant zombies
  Robin (D:2)
  7 gnolls
  2 shadow imps
  10 adders
  2 giant mites
  3 worms
  2 adder zombies
  6 giant geckos
  2 oozes
  6 orcs
  A bat zombie (D:7)
  21 goblins
  16 hobgoblins
  A quokka (D:7)
  A ball python (D:1)
  18 bats
  9 giant cockroaches
  4 giant newts
  10 kobolds
  A quokka zombie (D:6)
  9 rats
181 creatures vanquished.

Vanquished Creatures (others)
  An ice beast (D:8)
  A quokka (D:6)
2 creatures vanquished.

Grand Total: 183 creatures vanquished

Notes
Turn   | Place    | Note
--------------------------------------------------------------
     0 | D:1      | inmateoo, the Demigod Ice Elementalist, began the quest for the Orb.
     0 | D:1      | Reached XP level 1. HP: 14/14 MP: 3/3
   250 | D:1      | Reached skill level 3 in Ice Magic
   273 | D:1      | Reached XP level 2. HP: 20/20 MP: 2/5
   723 | D:1      | Reached XP level 3. HP: 27/27 MP: 6/8
   727 | D:1      | Learned a level 2 spell: Throw Frost
   731 | D:1      | Learned a level 3 spell: Ozocubu's Armour
   997 | D:2      | Found an iron altar of Okawaru.
  1264 | D:2      | Noticed Robin
  1300 | D:2      | Killed Robin
  1719 | D:2      | Reached XP level 4. HP: 34/34 MP: 8/11
  1933 | D:2      | Reached skill level 1 in Fighting
  1933 | D:2      | Reached skill level 4 in Ice Magic
  2327 | D:3      | Reached XP level 5. HP: 40/40 MP: 2/12
  2894 | D:4      | Noticed Natasha
  2900 | D:4      | Killed Natasha
  2919 | D:4      | Noticed Natasha
  2988 | D:4      | Killed Natasha
  3014 | D:4      | Noticed Natasha
  3019 | D:4      | Killed Natasha
  3208 | D:4      | Found a shadowy altar of Dithmenos.
  3316 | D:4      | Reached XP level 6. HP: 46/48 MP: 11/15
  3329 | D:4      | Learned a level 4 spell: Throw Icicle
  3633 | D:4      | Reached skill level 5 in Ice Magic
  3897 | D:4      | Noticed an ogre
  3909 | D:4      | Killed an ogre
  4173 | D:5      | Entered Level 5 of the Dungeon
  4520 | D:5      | Found Klosas Momuo's Weapon Boutique.
  4537 | D:5      | Reached XP level 7. HP: 39/56 MP: 11/19
  4579 | D:5      | Found a deep blue altar of Sif Muna.
  4673 | D:5      | Noticed B1inky's ghost (experienced FoFi)
  4757 | D:5      | Found a shimmering altar of Xom.
  4980 | D:6      | Noticed a two-headed ogre
  4993 | D:6      | Killed a two-headed ogre
  4993 | D:6      | Reached skill level 1 in Polearms
  4993 | D:6      | Reached skill level 6 in Ice Magic
  5103 | D:6      | Found a white marble altar of Elyvilon.
  5537 | D:6      | Reached XP level 8. HP: 41/64 MP: 14/21
  5745 | D:6      | Learned a level 4 spell: Summon Ice Beast
  7002 | D:7      | Found a stormy altar of Qazlal.
  7228 | D:7      | Found a staircase to the Ecumenical Temple.
  7238 | D:7      | Noticed Blork the orc
  7250 | D:7      | Killed Blork the orc
  7422 | D:7      | Found a sacrificial altar of Ru.
  7500 | D:7      | Reached skill level 7 in Ice Magic
  7504 | D:7      | Gained mutation: You are dopey. (Int -2) [mutagenic meat]
  7505 | D:7      | Gained mutation: You have sharp toenails. [mutagenic meat]
  7565 | D:8      | Found a bloodstained altar of Trog.
  7890 | D:8      | Reached XP level 9. HP: 23/72 MP: 1/23
  8190 | D:8      | Reached skill level 5 in Fighting
  8190 | D:8      | Reached skill level 5 in Spellcasting
  8199 | D:8      | Reached skill level 5 in Dodging
  8199 | D:8      | Reached skill level 8 in Ice Magic
  8228 | D:8      | Slain by a yak

Action                   |  1- 3 |  4- 6 |  7- 9 || total
-------------------------+-------+-------+-------++-------
Melee: Dagger            |    74 |     6 |    92 ||   172
       Unarmed           |     3 |       |       ||     3
       Short sword       |       |   131 |    92 ||   223
       Long sword        |       |       |     1 ||     1
       Trident           |       |       |     4 ||     4
 Cast: Freeze            |    59 |    60 |   163 ||   282
       Ozocubu's Armour  |     2 |     7 |    13 ||    22
       Throw Frost       |     1 |    17 |     4 ||    22
       Throw Icicle      |       |       |     7 ||     7
       Summon Ice Beast  |       |       |     1 ||     1
  Use: Scroll            |     7 |     8 |     3 ||    18
       Potion            |       |       |     1 ||     1
 Stab: Sleeping          |     3 |     7 |    13 ||    23
  Eat: Chunk             |     3 |    11 |    13 ||    27
       Pizza             |       |       |     2 ||     2
       Beef jerky        |       |       |     1 ||     1
